 Dungeon Crawl Stone Soup version 0.24.0-10-g970556be89 (webtiles) character file.

Game seed: 14136353282807672073, levelgen mode: deterministic

156328 inmateoo the Brawler (level 17, -9/167 HPs)
             Began as a Troll Monk on Nov 3, 2019.
             Was the Champion of Cheibriados.
             Mangled by an iron dragon (16 damage)
             ... on level 1 of the Depths.
             The game lasted 00:48:28 (21452 turns).

inmateoo the Brawler (Troll Monk)                  Turns: 21452, Time: 00:48:28

Health: -9/167     AC: 12    Str: 37    XL:     17   Next: 10%
Magic:  0/24       EV: 18    Int: 25    God:    Cheibriados [******]
Gold:   2014       SH: 14    Dex: 30    Spells: 22/27 levels left

rFire    . . .     SeeInvis .     - Unarmed
rCold    + . .     Gourm    +   j - +1 shield {rN+}
rNeg     + + .     Faith    .   C - +2 robe "Tetioll" {rElec Int+4 Stlth+}
rPois    .         Spirit   +   o - +1 hat
rElec    +         Reflect  .   l - +2 cloak {MR+}
rCorr    .         Harm     .   (gloves unavailable)
MR       +++..                  (boots unavailable)
Stlth    ++++......             p - amulet of guardian spirit
HPRegen  0.77/turn              B - ring of protection from cold
MPRegen  0.19/turn              G - ring of Descent {+Fly rN+ MR+ Str-3 Slay+6}

@: about to teleport, very slow
A: large, unfitting armour, claws 3, fast metabolism 3, gourmand, regeneration
1, shaggy fur 1, tough skin 3
a: Bend Time, Temporal Distortion, Slouch, Step From Time, Renounce Religion,
Evoke Flight


You were on level 1 of the Depths.
You worshipped Cheibriados.
Cheibriados was exalted by your worship.
You were hungry.

You visited 5 branches of the dungeon, and saw 26 of its levels.
You also visited: Ice Cave.

You collected 3484 gold pieces.
You spent 1470 gold pieces at shops.

Inventory:

Missiles
 d - 27 boomerangs
 k - 507 stones
 E - 28 large rocks (quivered)
 I - 6 javelins
 M - 5 silver boomerangs
Armour
 j - a +1 shield of positive energy (worn)
 l - a +2 cloak of magic resistance (worn)
 o - a +1 hat (worn)
 v - +0 ice dragon scales
 C - the +2 robe "Tetioll" (worn) {rElec Int+4 Stlth+}
   (You found it on level 9 of the Dungeon)

   It affects your intelligence (+4).
   It insulates you from electricity.
   It makes you more stealthy.
Jewellery
 c - an uncursed ring of fire
 h - a +4 amulet of reflection
 p - an amulet of guardian spirit (around neck)
 q - an uncursed ring of wizardry
 A - an uncursed ring of protection from magic
 B - a ring of protection from cold (left claw)
 G - the ring of Descent (right claw) {+Fly rN+ MR+ Str-3 Slay+6}
   (You found it in an ice cave)

   [ring of protection from magic]

   It affects your strength (-3).
   It affects your accuracy and damage with ranged weapons and melee attacks
   (+6).
   It protects you from negative energy.
   It affects your resistance to hostile enchantments.
   It lets you fly.
 H - an uncursed amulet of regeneration
Wands
 s - a wand of flame (18)
 t - a wand of digging (7)
 y - a wand of iceblast (19)
 O - a wand of paralysis (8)
 P - a wand of polymorph (10)
Scrolls
 a - a scroll of magic mapping
 e - 5 scrolls of fear
 g - 7 scrolls of remove curse
 x - 4 scrolls of amnesia
 F - 5 scrolls of enchant armour
 K - 6 scrolls of teleportation
 N - a scroll of blinking
 R - 2 scrolls of brand weapon
 T - a scroll of fog
 U - a scroll of enchant weapon
 V - a scroll of identify
Potions
 f - 10 potions of agility
 i - 4 potions of brilliance
 m - 5 potions of curing
 n - 2 potions of heal wounds
 r - 2 potions of might
 u - a potion of experience
 w - 2 potions of ambrosia
 z - 5 potions of mutation
 D - 3 potions of lignification
 J - a potion of magic
 S - a potion of flight
Miscellaneous
 L - a lamp of fire (inert)
 Q - a phial of floods
Comestibles
 b - 57 rations


   Skills:
 + Level 10.6 Fighting
 + Level 11.0 Throwing
 - Level 4.0 Armour
 + Level 9.5 Dodging
 - Level 1.3 Stealth
 + Level 5.5 Shields
 * Level 17.7 Unarmed Combat
 + Level 5.8 Spellcasting
 - Level 8.0 Invocations
 - Level 5.0 Evocations


You had 22 spell levels left.
You knew the following spells:

 Your Spells              Type           Power        Failure   Level  Hunger
a - Borgnjor's Vile Clut  Necr/Erth      #.........   99%         5    #####..

Your spell library contained the following spells:

 Spells                   Type           Power        Failure   Level  Hunger
 Confusing Touch          Hex            #.....       16%         1    None
 Flame Tongue             Conj/Fire      #....        16%         1    None
 Freeze                   Ice            #...         16%         1    None
 Infusion                 Chrm           #...         16%         1    None
 Pain                     Necr           #...         16%         1    None
 Sandblast                Erth           #.....       16%         1    None
 Summon Butterflies       Summ           #.......     16%         1    None
 Summon Small Mammal      Summ           #...         16%         1    None
 Call Imp                 Summ           #.......     24%         2    None
 Shroud of Golubria       Chrm/Tloc      #.....       24%         2    None
 Song of Slaying          Chrm           #.......     24%         2    None
 Throw Flame              Conj/Fire      #.....       24%         2    None
 Throw Frost              Conj/Ice       #.....       24%         2    None
 Call Canine Familiar     Summ           #.......     43%         3    #......
 Confuse                  Hex            #.......     43%         3    #......
 Conjure Flame            Conj/Fire      #.......     43%         3    #......
 Gell's Gravitas          Tloc           #.........   43%         3    #......
 Inner Flame              Hex/Fire       #.......     43%         3    #......
 Ozocubu's Armour         Chrm/Ice       #.......     43%         3    #......
 Regeneration             Chrm/Necr      #.........   43%         3    #......
 Spectral Weapon          Hex/Chrm       #.......     43%         3    #......
 Summon Guardian Golem    Hex/Summ       #.......     43%         3    #......
 Leda's Liquefaction      Hex/Erth       #.........   83%         4    ###....
 Petrify                  Tmut/Erth      #.......     83%         4    ###....
 Sticky Flame             Conj/Fire      #.......     83%         4    ###....
 Summon Ice Beast         Ice/Summ       #.......     83%         4    ###....
 Summon Lightning Spire   Summ/Air       #.......     83%         4    ###....
 Throw Icicle             Conj/Ice       #.......     83%         4    ###....
 Fireball                 Conj/Fire      #.........   99%         5    #####..
 Metabolic Englaciation   Hex/Ice        #.........   99%         5    #####..
 Silence                  Hex/Air        #.........   99%         5    #####..
 Summon Mana Viper        Hex/Summ       #.......     99%         5    #####..
 Yara's Violent Unravell  Hex/Tmut       #.........   99%         5    #####..
 Conjure Ball Lightning   Conj/Air       #.........   100%        6    ######.
 Deflect Missiles         Chrm/Air       #.........   100%        6    ######.
 Summon Hydra             Summ           #.........   100%        7    #######
 Shatter                  Erth           #.........   100%        9    #######
 Tornado                  Air            #.........   100%        9    #######


Dungeon Overview and Level Annotations

Branches:
Dungeon (15/15)            Temple (1/1) D:7            Lair (6/6) D:9
  Swamp (0/4) Lair:4       Spider (0/4) Lair:4        Slime (0/5) Lair:5
    Orc (2/2) D:10            Elf (0/3) Orc:2        Vaults (0/5) D:14
 Depths (2/5) D:15          IceCv (visited)

Altars:
Ashenzari
Cheibriados
Dithmenos
Elyvilon
Fedhas
Gozag
Hepliaklqana
Kikubaaqudgha
Makhleb
Nemelex Xobeh
Okawaru
Qazlal
Ru
Sif Muna
Trog
Uskayaw
Vehumet
Wu Jian
Xom
Yredelemnul
Zin
The Shining One
Beogh
Jiyva

Shops:
Orc:2 :([*

Portals:
Hell: Depths:1
Abyss: Depths:1

Annotations:
D:4 3 runed translucent doors, ambioZ's ghost, novice DDFi


Innate Abilities, Weirdness & Mutations

You are too large for most types of armour.
You have claws for hands.
Your metabolism is lightning-fast.
You like to eat raw meat.
Your natural rate of healing is unusually fast.
You are covered in fur. (AC +1)
You have extremely tough skin. (AC +3)


Message History

Unknown command.
Okay, then.
You feel much better.
You hear a deafening roar!
You hear two shouts!
As you read the scroll of teleportation, it crumbles to dust.
You feel strangely unstable. The iron dragon misses you.
The iron dragon claws you.
* * * LOW HITPOINT WARNING * * *
The iron dragon tramples you!!
* * * LOW HITPOINT WARNING * * *
You hold your ground!
You hear a horrible gurgling sound!
Unknown command.
Unknown command.
You feel better.
The iron dragon bites you but does no damage.
The iron dragon claws you!!
* * * LOW HITPOINT WARNING * * *
The iron dragon tramples you!
You die...

.#..#... ...#
#.# ..##..#
#..##.#
###..# #..#.#
#...## #...#
#..# #(.##
...# #(..#
...## ##)..#
..##.
########.#..#
..#.#
#C)#@.##.#..#
..#.#
#D##=#.#..#
..#.# #.#
#.#..# ..#.#
#)####.#..#
..#.#
##....##..#
.[.##
#.#####...#
...# #.#
#...# ...##
#.# ##..##
....## ##.
##...#


You could see an iron dragon.

Vanquished Creatures
  Rupert (Lair:5)
  A tengu reaver (Depths:1)
  A storm dragon (D:13)
  A frost giant (Depths:1)
  An orc warlord (Orc:2)
  3 stone giants
  Nessos (Lair:5)
  2 spark wasps (Depths:1)
  Josephine (D:14)
  5 yaktaur captains
  3 great orbs of eyes
  The ghost of Monsterracer the Cleaver, a journeyman DDFi of Makhleb (Orc:2)
  Erolcha (D:9)
  5 ice dragons
  A vault guard (D:14)
  9 hydras
  8 centaur warriors
  A catoblepas (Lair:6)
  3 ogre magi
  7 two-headed ogres
  Erica (D:8)
  3 death yaks (Lair:6)
  A deep troll shaman (Depths:1)
  6 orc high priests
  Urug (D:13)
  A tengu warrior (D:15)
  A soul eater (Depths:2)
  2 spriggan berserkers (Depths:1)
  5 hell knights (Depths:1)
  A fire crab (Lair:4)
  4 skeletal warriors
  A shadow wraith (Depths:2)
  2 iron trolls (Depths:1)
  6 unseen horrors
  A swamp dragon (Lair:4)
  A flayed ghost (Depths:2)
  2 deep trolls (Depths:1)
  The ghost of Esekla the Slasher, a novice OpWr of Ashenzari (D:6)
  8 large abominations (Depths:1)
  2 lindwurms (Lair:6)
  An obsidian statue (Lair:2)
  A phantasmal warrior (D:13)
  5 orc knights
  A spectral hydra (Depths:2)
  2 necromancers (Depths:1)
  An orb spider (Lair:4)
  4 oklob plants (Lair:5)
  2 deep elf magi
  20 ugly things
  6 orc sorcerers
  A stone giant zombie (Depths:1)
  7 manticores
  A faun (Lair:5)
  6 cyclopes
  21 elephants
  4 centaur zombies
  2 ice statues (IceCv)
  7 black mambas
  3 gargoyles
  8 spiny frogs
  An efreet (D:13)
  2 kobold demonologists
  5 komodo dragons
  5 rime drakes
  13 yaktaurs
  A redback zombie (D:11)
  A meliai (D:14)
  A golden dragon simulacrum (Depths:1)
  A queen bee (shapeshifter) (Depths:1)
  A merfolk (D:10)
  12 trolls
  3 hornets
  11 blink frogs
  11 slime creatures
  Prince Ribbit (Lair:2)
  A raiju (Depths:2)
  2 dream sheep (Lair:6)
  13 hippogriffs
  2 centaur simulacra
  Sigmund (D:6)
  2 shadows
  5 wyverns
  A deep troll skeleton (Depths:1)
  3 water elementals
  A hog (shapeshifter) (D:13)
  6 wraiths
  16 yaks
  2 vampire mosquitoes (D:15)
  Grum (D:10)
  A steam dragon (D:8)
  4 basilisks
  2 chaos spawn (Depths:1)
  3 hungry ghosts
  7 wargs
  20 water moccasins
  A hydra simulacrum (Depths:2)
  3 acid dragons
  8 hell hounds (Depths:2)
  14 porcupines
  3 small abominations (Depths:1)
  28 orc warriors
  2 black bears
  19 ice beasts
  4 sky beasts
  An eye of draining (D:12)
  10 ogres
  3 phantoms
  2 necrophages
  46 wolves
  21 centaurs
  13 crocodiles
  2 big kobolds
  17 bullfrogs
  2 scorpions
  10 killer bees
  10 wights
  A vampire bat (Orc:2)
  6 electric eels (D:10)
  A howler monkey (D:12)
  6 crimson imps
  2 bullfrog zombies (D:8)
  A quasit (D:14)
  10 orc priests
  2 hounds
  6 centaur skeletons
  4 jellies
  Crazy Yiuf (D:2)
  A bullfrog skeleton (D:5)
  8 iguanas
  17 orc wizards
  A gnoll shaman (D:6)
  Natasha (thrice) (D:2)
  18 worker ants
  A hound zombie (D:4)
  A hound skeleton (D:11)
  A worker ant zombie (D:6)
  A howler monkey zombie (D:9)
  9 gnolls
  14 adders
  3 shadow imps
  2 oozes
  An adder skeleton (D:9)
  A worm (D:5)
  3 dart slugs
  A leopard gecko (D:1)
  57 orcs
  7 giant cockroaches
  6 goblins
  3 hobgoblins
  2 jackals (D:1)
  4 quokkas
  A ball python (D:2)
  9 bats
  2 frilled lizards (D:1)
  18 kobolds
  A leopard gecko skeleton (D:4)
  A quokka skeleton (D:7)
  6 rats
  2 fungi (Orc:2)
  4 plants
839 creatures vanquished.

Vanquished Creatures (others)
  2 fungi
  6 plants
8 creatures vanquished.

Grand Total: 847 creatures vanquished

Notes
Turn   | Place    | Note
-------+----------+-------------------------------------------
     0 | D:1      | inmateoo the Troll Monk began the quest for the Orb.
     0 | D:1      | Reached XP level 1. HP: 22/22 MP: 0/0
   131 | D:1      | Reached XP level 2. HP: 29/29 MP: 1/1
   417 | D:2      | Reached XP level 3. HP: 36/36 MP: 2/2
   744 | D:2      | Reached XP level 4. HP: 37/44 MP: 3/3
   896 | D:2      | Found a runed translucent door.
   897 | D:2      | Noticed Crazy Yiuf
   945 | D:2      | Noticed Natasha
   952 | D:2      | Killed Natasha
  1107 | D:2      | Noticed Natasha
  1112 | D:2      | Killed Natasha
  1112 | D:2      | Reached skill level 1 in Throwing
  1112 | D:2      | Reached skill level 4 in Unarmed Combat
  1283 | D:2      | Killed Crazy Yiuf
  1283 | D:2      | Reached XP level 5. HP: 43/53 MP: 4/4
  1381 | D:2      | Noticed Natasha
  1391 | D:2      | Killed Natasha
  1854 | D:4      | Noticed ambioZ's ghost (novice DDFi)
  1857 | D:4      | Found a runed translucent gate.
  1857 | D:4      | Found a runed translucent gate.
  1857 | D:4      | Found a runed translucent gate.
  1985 | D:4      | Reached XP level 6. HP: 48/61 MP: 5/5
  2169 | D:4      | Reached skill level 5 in Unarmed Combat
  2259 | D:4      | Found an ancient bone altar of Kikubaaqudgha.
  2579 | D:5      | Entered Level 5 of the Dungeon
  2700 | D:5      | Noticed an ice beast
  2712 | D:5      | Killed an ice beast
  2712 | D:5      | Reached skill level 1 in Evocations
  2712 | D:5      | Reached XP level 7. HP: 56/67 MP: 6/6
  3077 | D:5      | Reached skill level 6 in Unarmed Combat
  3216 | D:6      | Reached XP level 8. HP: 74/78 MP: 8/8
  3284 | D:6      | Noticed Sigmund
  3304 | D:6      | Killed Sigmund
  3467 | D:6      | Noticed Esekla's ghost (novice OpWr)
  3470 | D:6      | Found a runed translucent door.
  3705 | D:6      | Reached skill level 7 in Unarmed Combat
  3743 | D:6      | Noticed a troll
  3823 | D:6      | Killed Esekla's ghost
  3823 | D:6      | Reached skill level 1 in Shields
  3823 | D:6      | Reached XP level 9. HP: 77/85 MP: 8/10
  4099 | D:7      | Found a staircase to the Ecumenical Temple.
  4110 | D:7      | Reached skill level 5 in Fighting
  4110 | D:7      | Reached skill level 8 in Unarmed Combat
  4118 | Temple   | Entered the Ecumenical Temple
  4206 | Temple   | Became a worshipper of Cheibriados the Contemplative
  4206 | Temple   | Reached * piety under Cheibriados
  4206 | Temple   | Reached ** piety under Cheibriados
  4287 | D:7      | Noticed a troll
  4293 | D:7      | Killed a troll
  4293 | D:7      | Reached skill level 5 in Dodging
  5326 | D:8      | Reached *** piety under Cheibriados
  5349 | D:8      | Found a burning altar of Makhleb.
  5351 | D:8      | Noticed Erica
  5360 | D:8      | Killed Erica
  5360 | D:8      | Reached skill level 5 in Throwing
  5360 | D:8      | Reached skill level 9 in Unarmed Combat
  5360 | D:8      | Reached XP level 10. HP: 88/97 MP: 11/11
  5365 | D:8      | Found a hazy altar of Hepliaklqana.
  5366 | D:8      | Found a radiant altar of Vehumet.
  5367 | D:8      | Found a shadowy altar of Dithmenos.
  5369 | D:8      | Found a hide-covered altar of Uskayaw.
  5414 | D:9      | Noticed Erolcha
  5431 | D:9      | Killed Erolcha
  5709 | D:9      | Found a staircase to the Lair.
  5988 | D:9      | Found a basalt altar of Yredelemnul.
  5989 | D:9      | Found an ornate altar of the Wu Jian Council.
  5989 | D:9      | Found a glowing golden altar of the Shining One.
  5989 | D:9      | Found an iron altar of Okawaru.
  6034 | D:9      | Reached skill level 10 in Unarmed Combat
  6113 | D:9      | Got a brightly glowing robe
  6124 | D:9      | Identified the +2 robe "Tetioll" {rElec Int+4 Stlth+} (You
                  | found it on level 9 of the Dungeon)
  6560 | D:10     | Entered Level 10 of the Dungeon
  6662 | D:10     | Reached **** piety under Cheibriados
  6663 | D:10     | Reached XP level 11. HP: 88/106 MP: 9/13
  6794 | D:10     | Noticed a deep elf mage
  6824 | D:10     | Found a staircase to the Orcish Mines.
  6834 | D:10     | Reached skill level 5 in Evocations
  6835 | D:10     | Reached ***** piety under Cheibriados
  6895 | D:10     | Killed a deep elf mage
  7056 | D:10     | Identified the Disquisition on Earthen Sinister Rites
  7097 | D:10     | Reached skill level 11 in Unarmed Combat
  7205 | D:10     | Identified the +7 plate armour of Words of Power {rC++
                  | rCorr Int-3 Slay+4}
  7251 | D:10     | Noticed Grum
  7265 | D:10     | Killed Grum
  7411 | D:10     | Identified a scroll of acquirement
  7443 | D:11     | Noticed a two-headed ogre
  7451 | D:11     | Killed a two-headed ogre
  7494 | D:11     | Found a white marble altar of Elyvilon.
  7586 | D:11     | Noticed a two-headed ogre
  7592 | D:11     | Killed a two-headed ogre
  7592 | D:11     | Reached skill level 12 in Unarmed Combat
  7606 | D:11     | Noticed a two-headed ogre
  7618 | D:11     | Killed a two-headed ogre
  7655 | D:11     | Learned a level 5 spell: Borgnjor's Vile Clutch
  7754 | D:11     | Killed an unseen horror
  7754 | D:11     | Reached skill level 13 in Unarmed Combat
  7754 | D:11     | Reached XP level 12. HP: 92/118 MP: 11/14
  7868 | D:11     | Reached ****** piety under Cheibriados
  8260 | Orc:1    | Entered Level 1 of the Orcish Mines
  8346 | Orc:1    | Reached skill level 1 in Invocations
  8390 | Orc:1    | Noticed a stone giant
  8414 | Orc:1    | Reached skill level 1 in Armour
  8481 | Orc:1    | Noticed a two-headed ogre
  8483 | Orc:1    | Noticed an orc high priest
  8688 | Orc:1    | Found a transporter.
  8699 | Orc:1    | Found a roughly hewn altar of Beogh.
  8699 | Orc:1    | Found a transporter.
  8910 | D:12     | Reached skill level 1 in Spellcasting
  9011 | D:12     | You fall into a shaft and drop 2 floors!
  9091 | D:14     | Found a burning altar of Makhleb.
  9100 | D:14     | Noticed a centaur warrior
  9105 | D:14     | Killed a centaur warrior
  9121 | D:14     | Noticed a centaur warrior
  9125 | D:14     | Killed a centaur warrior
  9129 | D:14     | Found a frozen archway.
  9157 | IceCv    | Entered an ice cave
  9442 | IceCv    | Noticed an ice dragon
  9445 | IceCv    | Noticed an ice dragon
  9450 | IceCv    | Killed an ice dragon
  9462 | IceCv    | Killed an ice dragon
  9480 | IceCv    | Got a translucent platinum ring
  9530 | IceCv    | Identified the ring of Descent {+Fly rN+ MR+ Str-3 Slay+6}
                  | (You found it in an ice cave)
  9625 | D:14     | Reached XP level 13. HP: 126/126 MP: 15/15
  9764 | D:14     | Reached skill level 14 in Unarmed Combat
  9910 | D:14     | Reached skill level 5 in Invocations
 10191 | D:14     | Noticed a stone giant
 10192 | D:14     | Noticed Josephine
 10208 | D:14     | Killed a stone giant
 10434 | D:14     | Killed Josephine
 10478 | D:14     | Found a gate to the Vaults.
 10541 | D:15     | Entered Level 15 of the Dungeon
 10610 | D:13     | Noticed Urug
 10613 | D:13     | Killed Urug
 10680 | D:13     | Reached XP level 14. HP: 132/136 MP: 15/17
 11173 | D:13     | Found a runed translucent door.
 11335 | D:13     | Noticed a storm dragon
 11353 | D:13     | Killed a storm dragon
 12611 | Lair:1   | Entered Level 1 of the Lair of Beasts
 12618 | Lair:1   | Reached skill level 15 in Unarmed Combat
 13043 | Lair:1   | Found an iron altar of Okawaru.
 13200 | Lair:2   | Noticed Prince Ribbit
 13219 | Lair:2   | Killed Prince Ribbit
 14473 | Lair:4   | Got a pitted platinum ring
 14474 | Lair:4   | Identified the ring of Spring {Str+3 Dex+4} (You found it
                  | on level 4 of the Lair of Beasts)
 14500 | Lair:4   | Found a staircase to the Swamp.
 14798 | Lair:4   | Found a hole to the Spider Nest.
 15177 | Lair:4   | Found the +8 whip "Snakebite" {curare, rPois}
 15400 | Lair:5   | Reached XP level 15. HP: 123/146 MP: 16/20
 15419 | Lair:5   | Found a viscous altar of Jiyva.
 15419 | Lair:5   | Found a staircase to the Slime Pits.
 15663 | Lair:5   | Noticed Nessos
 15667 | Lair:5   | Killed Nessos
 15688 | Lair:5   | Noticed Rupert
 15703 | Lair:5   | Killed Rupert
 16584 | Lair:6   | Entered Level 6 of the Lair of Beasts
 16669 | Lair:6   | Reached skill level 16 in Unarmed Combat
 17751 | Orc:1    | Reached skill level 10 in Throwing
 17880 | Orc:2    | Entered Level 2 of the Orcish Mines
 17886 | Orc:2    | Noticed an orc warlord
 18206 | Orc:2    | Found a staircase to the Elven Halls.
 18217 | Orc:2    | Reached skill level 5 in Spellcasting
 18276 | Orc:2    | Killed an orc warlord
 18362 | Orc:2    | Found Jeisax's Antique Armour Boutique.
 18433 | Orc:2    | Found Wixelu's Book Boutique.
 18448 | Orc:2    | Found a runed translucent door.
 18458 | Orc:2    | Noticed Monsterracer's ghost (journeyman DDFi)
 18473 | Orc:2    | Killed Monsterracer's ghost
 18512 | Orc:2    | Reached XP level 16. HP: 158/158 MP: 22/22
 18523 | Orc:2    | Found Iceu's General Store.
 18633 | Orc:2    | Found Lozoppoa's Antique Weapon Emporium.
 18840 | Orc:2    | Bought a book of Battle for 560 gold pieces
 18840 | Orc:2    | Bought a book of the Sky for 910 gold pieces
 19021 | D:15     | Reached skill level 10 in Fighting
 19070 | D:15     | Found a staircase to the Depths.
 19612 | D:15     | Reached skill level 17 in Unarmed Combat
 20021 | Depths:1 | Entered Level 1 of the Depths
 20384 | Depths:1 | Found a one-way gate to the infinite horrors of the Abyss.
 20540 | Depths:1 | Reached skill level 5 in Shields
 20604 | Depths:1 | Found a gateway to Hell.
 20903 | Depths:1 | You fall into a shaft and drop 1 floor!
 21341 | Depths:1 | Reached XP level 17. HP: 119/167 MP: 17/24
 21433 | Depths:1 | HP: 8/167 [tengu reaver/+2 great mace (6)]
 21437 | Depths:1 | HP: 3/167 [frost giant/+2 battleaxe of freezing (29)]
 21452 | Depths:1 | HP: 7/167 [iron dragon (21)]
 21452 | Depths:1 | Mangled by an iron dragon

Levels and vault maps discovered:
D:1:      minmay_arrival_hallway, layout_rooms
D:2:      layout_loops_ring, uniq_crazy_yiuf_cottage, uniq_natasha
D:3:      layout_rooms, first_ration, minmay_misc_feat_cross
D:4:      layout_basic, old_standard_altar, gammafunk_ghost_split
D:5:      layout_basic
D:6:      layout_rooms, hellmonk_ghost_happy_afterlife, lightli_corner_chamber,
          uniq_sigmund
D:7:      layout_basic, minmay_temple_entry_antechambers
D:8:      layout_rooms, minitemple, serial_park_tiny_2, uniq_erica
D:9:      layout_stronghold, grunt_temple_overflow_open,
          minmay_lair_entry_grove, uniq_erolcha
D:10:     cheibrodos_two_vegetables, layout_basic, orc_david_3,
          hangedman_stone_soup, uniq_grum
D:11:     layout_long_grid, basic_altar
D:12:     layout_layer_cave, grunt_ministairs_14, minmay_bent
D:13:     layout_cave_pools, minivault_13, uniq_urug
D:14:     layout_basic, david_vaults_5, portal_ice_cave_entry_pillars_1,
          lemuel_statue_altar, uniq_josephine
D:15:     grunt_enter_depths_hoard, layout_basic,
          hangedman_abyss_or_decor_lesser_grid
Temple:   nicolae_temple_hex_pool
Lair:1:   layout_concentric_octagons, basic_altar
Lair:2:   statuecave_lemuel, layout_concentric_octagons, uniq_prince_ribbit2
Lair:3:   layout_concentric_octagons, hangedman_lair_generics_rect
Lair:4:   minmay_guarded_unrand_snakebite, layout_regular_city,
          minmay_swamp_entry_reptiles, nicolae_spider_entry_orb_guardian,
          infiniplex_staircase_pool_2
Lair:5:   minmay_lair_oklob_tunnel, layout_cave_shapes, slime_altar_1,
          grunt_forest_large_clearings, uniq_rupert, uniq_nessos
Lair:6:   hangedman_lair_in_review, layout_regular_city
Orc:1:    gammafunk_beogh_shrine, layout_caves
Orc:2:    grunt_orc_gardens, layout_diamond_mine, grunt_orc_garden,
          grunt_orc_garden, grunt_orc_garden, grunt_orc_garden,
          gammafunk_ghost_grave, roderic_batcave
Depths:1: layout_gridville, minmay_room_of_horrors, hell_entry,
          chequers_serial_rivers_micro_c, serial_sigils_hangedman_gut,
          minmay_misc_feat_roman, minmay_swirly_circle, serial_bayou_shore_a
Depths:2: lemuel_river_lethe, hell_entry, abyss_entry, pan_entry

Skill      XL: |  1  2  3  4  5  6  7  8  9 10 11 12 13 14 15 16 |
---------------+-------------------------------------------------+-----
Fighting       | 3 4 5 6 7 8 9 10 | 10.6
Dodging        | 3 4 5 6 7 8 9 |  9.5
Throwing       | 1 2 3 4 5 6 7 8 9 10 11 | 11.0
Unarmed Combat | 4 5 6 7 9 10 13 14 15 16 17 | 17.7
Evocations     | 1 2 3 4 5 |  5.0
Shields        | 1 3 4 5 |  5.5
Invocations    | 4 6 8 |  8.0
Armour         | 2 3 4 |  4.0
Spellcasting   | 1 3 4 5 |  5.8
Stealth        | |  1.3

Action                   |  1- 3 |  4- 6 |  7- 9 | 10-12 | 13-15 | 16-18 || total
-------------------------+-------+-------+-------+-------+-------+-------++-------
Melee: Unarmed           |   100 |   106 |   251 |   511 |   714 |   342 ||  2024
       Punch             |     1 |     3 |       |       |       |       ||     4
Throw: Stone             |       |    10 |    17 |    12 |     9 |       ||    48
       Boomerang         |       |       |    35 |    61 |    75 |    32 ||   203
       Large rock        |       |       |       |    12 |    76 |    73 ||   161
       Javelin           |       |       |       |       |    10 |       ||    10
Invok: Slouch            |       |       |       |       |     3 |     1 ||     4
       Temporal Distorti |       |       |       |       |       |     2 ||     2
 Abil: Evoke Berserk Rag |       |       |     1 |       |       |       ||     1
       Evoke Flight      |       |       |       |       |     1 |       ||     1
Evoke: Wand              |       |       |       |     3 |     1 |     1 ||     5
       Lamp of fire      |       |       |       |       |     1 |     1 ||     2
  Use: Scroll            |       |    15 |     1 |     8 |    15 |     4 ||    43
       Potion            |       |       |       |       |     3 |     6 ||     9
 Stab: Sleeping          |     3 |     1 |     2 |     6 |    24 |     3 ||    39
       Distracted        |       |       |       |     2 |       |       ||     2
  Eat: Chunk             |     8 |    17 |    22 |    29 |    72 |    14 ||   162
       Ration            |       |     1 |       |       |       |       ||     1
Armor: Robe              |    46 |    50 |    63 |   118 |   170 |    45 ||   492
Dodge: Dodged            |    50 |    41 |    61 |   223 |   425 |   161 ||   961
Block: Shield            |       |    12 |   100 |   317 |   495 |   204 ||  1128
